 Dungeon Crawl Stone Soup version 0.30.1-9-gdf580d7c3d (webtiles) character file.

Game seed: 16102422206915515049

168 safid the Chiller (level 5, -1/41 HPs)
             Began as a Merfolk Ice Elementalist on Oct 16, 2023.
             Slain by an ogre
             ... wielding a +0 giant club
              (16 damage)
             ... on level 4 of the Dungeon.
             The game lasted 00:06:55 (3032 turns).

safid the Chiller (Merfolk Ice Elementalist)        Turns: 3032, Time: 00:06:55

Health: -1/41      AC:  8    Str:  9    XL:     5   Next: 49%
Magic:  1/9        EV: 12    Int: 16    God:
Gold:   87         SH:  0    Dex: 14    Spells: 3/10 levels left

rFire   . . .        r - +0 spear
rCold   . . .        (no shield)
rNeg    + . .        a - +0 robe
rPois   .            (no helmet)
rElec   .            (no cloak)
rCorr   .            (no gloves)
SInv    .            (no boots)
Will    .....        (no amulet)
Stlth   ++           g - ring of positive energy
HPRegen 0.26/turn    (no ring)
MPRegen 0.11/turn

%: no passive effects
@: ice-armoured
A: (nimble swimmer 2), mertail
a: no special abilities


You were on level 4 of the Dungeon.
You visited 1 branch of the dungeon, and saw 4 of its levels.

You collected 131 gold pieces.
You spent 44 gold pieces at shops.

Inventory:

Hand Weapons
 r - a +0 spear (weapon)
Armour
 a - a +0 robe (worn)
Jewellery
 g - a ring of positive energy (left hand)
Scrolls
 f - a scroll of magic mapping {unknown}
 h - 3 scrolls of enchant weapon {unknown}
 j - a scroll of brand weapon {unknown}
 k - a scroll of torment {unknown}
 l - a scroll of immolation {unknown}
 m - a scroll of vulnerability {unknown}
 n - a scroll of amnesia {unknown}
 p - 2 scrolls of teleportation {unknown}
 q - a scroll of identify {unknown}
 s - a scroll of fear
 t - a scroll of enchant armour {unknown}
Potions
 b - a potion of magic
 c - a potion of lignification {unknown}
 d - 2 potions of heal wounds {unknown}
 e - 2 potions of curing {unknown}
 i - 2 potions of invisibility {unknown}
 o - 3 potions of degeneration {unknown}
 u - a potion of resistance {unknown}
 v - a potion of mutation {unknown}


   Skills:
 + Level 3.0 Fighting
 - Level 2.6 Dodging
 - Level 2.1 Stealth
 + Level 3.3 Spellcasting
 + Level 5.5 Ice Magic


You had 3 spell levels left.
You knew the following spells:

 Your Spells              Type           Power      Damage    Failure   Level
a - Freeze                Ice            80%        1d9       1%          1
b - Frozen Ramparts       Ice            40%        1d7       5%          3
c - Ozocubu's Armour      Ice            20%        N/A       5%          3

Your spell library contained the following spells:

 Spells                   Type           Power      Damage    Failure   Level
 Beastly Appendage        Tmut           4%         N/A       19%         1
 Wereblood                Tmut           2%         N/A       28%         2
 Portal Projectile        Hex/Tloc       4%         N/A       50%         3
 Spider Form              Tmut/Pois      2%         N/A       50%         3
 Tukima's Dance           Hex            2%         N/A       50%         3
 Summon Ice Beast         Ice/Summ       11%        N/A       50%         4
 Blade Hands              Tmut           1%         N/A       99%         5


Dungeon Overview and Level Annotations

Branches:
Dungeon (4/15)
 Temple: D:4-7

Altars:

Shops:
D:3 *


Innate Abilities, Weirdness & Mutations

((You are very nimble when in or above water. (Stealth+, EV+, Speed+++)))
Your lower body shifts to a powerful aquatic tail in water.


Message History

An adder comes into view.
Unknown command.
Casting: Frozen Ramparts (dangerous; 6% risk of failure)
Confirm with . or Enter, or press ? or * to list all spells.
A film of ice covers your body!
The adder hisses angrily.
Unknown command.
You reach to attack!
You hit the ogre.
The ogre is lightly wounded.
The wall freezes the ogre but does no damage.
Casting: Ozocubu's Armour (dangerous; 6% risk of failure)
Confirm with . or Enter, or press ? or * to list all spells.
Aiming: Freeze (safe; 1% risk of failure)
Press: ? - help, Shift-Dir - straight line, f - adder, p - ogre
Aim: an adder You freeze the adder!
The adder is almost dead.
The wall freezes the adder.
The adder bites you but does no damage.
The wall freezes the adder.
You kill the adder!
Your Fighting skill increases to level 3!
Casting: Freeze (safe; 1% risk of failure)
Confirm with . or Enter, or press ? or * to list all spells.
Aiming: Freeze (safe; 1% risk of failure)
Press: ? - help, Shift-Dir - straight line, f - ogre
Aim: an ogre, wielding a +0 giant club (lightly wounded)
You freeze the ogre.
The ogre is lightly wounded.
The frozen ramparts melt away.
The ogre hits you with a +0 giant club!!
Ouch! That really hurt!
Casting: Freeze (safe; 1% risk of failure)
Confirm with . or Enter, or press ? or * to list all spells.
Aiming: Freeze (safe; 1% risk of failure)
Press: ? - help, Shift-Dir - straight line, f/p - ogre
Aim: an ogre, wielding a +0 giant club (lightly wounded)
You freeze the ogre!
The ogre is moderately wounded.
The ogre hits you with a +0 giant club!
You die...

..............
....##.............
#...##............. .
#...##............. ..
###..................
...#....................
...........<..........##
#....................
#..O@.........)......
#...#................
#......#................
......##................
...... ##.............)#
...... ..............#..
..... ............#.##..
.................##..#..
............#.....#


You could see an ogre.

Vanquished Creatures
  An orc priest (D:4)
  4 gnolls (D:2)
  2 adders
  A worm (D:2)
  3 dart slugs (D:1)
  3 orcs (D:4)
  7 endoplasms
  4 giant cockroaches
  3 hobgoblins
  8 jackals (D:2)
  13 kobolds
  2 quokkas
  6 ball pythons
  2 bats (D:3)
  3 frilled lizards
  6 goblins
  2 rats (D:3)
70 creatures vanquished.

Notes
Turn   | Place    | Note
-------+----------+-------------------------------------------
     0 | D:1      | safid the Merfolk Ice Elementalist began the quest for the
                  | Orb.
     0 | D:1      | Reached XP level 1. HP: 13/13 MP: 3/3
   168 | D:1      | Reached XP level 2. HP: 9/20 MP: 0/5
   314 | D:1      | Reached skill level 1 in Fighting
   597 | D:1      | Reached XP level 3. HP: 26/26 MP: 4/6
   601 | D:1      | Learned a level 3 spell: Frozen Ramparts
  1516 | D:2      | Reached skill level 5 in Ice Magic
  1516 | D:2      | Reached XP level 4. HP: 22/33 MP: 4/8
  1705 | D:2      | Learned a level 3 spell: Ozocubu's Armour
  1889 | D:3      | Found Beeh's General Store.
  1897 | D:3      | Bought a scroll of fear for 44 gold pieces
  2237 | D:3      | Reached XP level 5. HP: 39/39 MP: 5/9
  3023 | D:4      | Noticed an ogre
  3032 | D:4      | Slain by an ogre

Illustrated notes

Levels and vault maps discovered:
D:1:      dpeg_arrival_orchard, layout_basic
D:2:      layout_rooms
D:3:      layout_basic, serial_shops, nicolae_shop_crystal,
          lexackson_kobold_supper
D:4:      layout_cave_pools, serial_bayou_lake_a, uniq_ijyb

Skill      XL: |  1  2  3  4  5 |
---------------+----------------+-----
Fighting       | 1 2 3 |  3.0
Ice Magic      | 5 |  5.5
Spellcasting   | 3 |  3.3
Dodging        | |  2.6
Stealth        | |  2.1

Action                     |  1- 3 |  4- 6 || total
---------------------------+-------+-------++-------
  Melee: Unarmed           |    14 |       ||    14
         Dagger            |    49 |       ||    49
         Punch             |     2 |     4 ||     6
         Spear             |       |   198 ||   198
   Cast: Freeze            |    38 |    15 ||    53
         Frozen Ramparts   |     2 |     5 ||     7
         Ozocubu's Armour  |       |     1 ||     1
   Stab: Sleeping          |     4 |     1 ||     5
         Distracted        |       |     1 ||     1
 Armour: Robe              |    14 |    15 ||    29
  Dodge: Dodged            |    51 |    71 ||   122
